 Dungeon Crawl Stone Soup version 0.19-a0-231-gae044c8 (webtiles) character file.

375 McCoppin the Skirmisher (level 7, 0/58 HPs)
             Began as a Formicid Fighter on May 25, 2016.
             Slain by no0bjke's ghost (1 damage)
             ... on level 5 of the Dungeon.
             The game lasted 00:08:43 (3595 turns).

McCoppin the Skirmisher (Formicid Fighter)          Turns: 3595, Time: 00:08:46

Health: 0/58       AC: 10    Str: 22    XL:     7   Next: 3%
Magic:  0/7        EV:  3    Int:  9    God:
Gold:   192        SH: 10    Dex: 13    Spells: 0 memorised, 6 levels left

rFire  . . .     SeeInvis +     a - +0 war axe
rCold  . . .     Gourm    .     y - +0 plate armour
rNeg   + . .     Faith    .     c - +1 shield
rPois  .         Spirit   +     (helmet unavailable)
rElec  .         Dismiss  .     (no cloak)
rCorr  .         Reflect  .     (no gloves)
SustAt .         Harm     .     (no boots)
MR     +....                    e - amulet of guardian spirit
Stlth  ..........               w - ring of positive energy
                                s - ring of protection from magic

@: heavily drained, somewhat resistant to hostile enchantments, extremely
unstealthy
A: permanent stasis, dig shafts and tunnels, four strong arms, antennae 3, claws
1, agile 1, clever 1
a: Dig, Shaft Self


You were on level 5 of the Dungeon.
You were very hungry.

You visited 1 branch of the dungeon, and saw 5 of its levels.

You collected 192 gold pieces.

Inventory:

Hand Weapons
 a - a +0 war axe (weapon)
Armour
 b - a +0 scale mail
 c - a +1 shield (worn)
 y - a +0 plate armour (worn)
Jewellery
 e - an amulet of guardian spirit (around neck)
 s - a ring of protection from magic (left claw)
 w - a ring of positive energy (right claw)
Scrolls
 j - a scroll of random uselessness
 l - a scroll of blinking {unknown}
 m - a scroll of remove curse {unknown}
 n - a scroll of identify
 p - a scroll of noise {unknown}
 v - 2 scrolls of fog {unknown}
 x - a scroll of enchant armour
 z - 2 scrolls of enchant weapon {unknown}
Potions
 o - a potion of agility {unknown}
 r - a potion of cure mutation
 u - a potion of lignification {unknown}
Books
 A - a book of Burglary

   Spells                             Type                      Level
   a - Swiftness                      Charms/Air                   2
   b - Passwall                       Transmutation/Earth          2
   c - Passage of Golubria            Translocation                4
   d - Lee's Rapid Deconstruction     Earth                        5
   e - Darkness                       Hexes                        6
   f - Invisibility                   Hexes                        6
Comestibles
 f - 4 bread rations
 i - 3 fruits
 t - 2 meat rations


   Skills:
 - Level 6.0(4.2) Fighting
 + Level 5.1(3.4) Axes
 - Level 3.2(1.6) Armour
 - Level 3.6(1.9) Shields


You had 6 spell levels left.
You didn't know any spells.

Dungeon Overview and Level Annotations

Branches:
Dungeon (5/15)
 Temple: D:4-7

Altars:
Ru
Zin
The Shining One

Annotations:
D:5 no0bjke's ghost, novice DrWz


Innate Abilities, Weirdness & Mutations

You are under a permanent stasis effect.
You can dig through walls and to a lower floor.
Your four strong arms can wield two-handed weapons with a shield.
You have a pair of large antennae on your head. (SInv)
You have sharp fingernails.
You are agile. (Dex +2)
Your mind is acute. (Int +2)


Message History

The bolt of negative energy hits you! You partially resist.
You feel drained.
* * * LOW HITPOINT WARNING * * *
Drink which item? (? for menu, Esc to quit)
It was a potion of cancellation.
Your magical effects are unravelling.
You feel magically purged.
You feel a little less mighty now. No0bjke's ghost hits you.
* * * LOW HITPOINT WARNING * * *
No0bjke's ghost freezes you.
* * * LOW HITPOINT WARNING * * *
Drink which item? (? for menu, Esc to quit)
It was a potion of beneficial mutation.
Your fingernails lengthen.
You feel fantastic!
You are feeling very hungry.
No0bjke's ghost hits you.
* * * LOW HITPOINT WARNING * * *
No0bjke's ghost freezes you.
You die...

... ...#.###...##
...# #.....#.###
..... #.#...# ...##
#....## ... #.##.#
###.##.##.#######
#.#....).#.......<#
#.......<#........#
##......@#........#
##......W........#
#......#........#
#......#........#
#################


You could see no0bjke's ghost.

Vanquished Creatures
  A phantom (D:4)
  A hound (D:4)
  Jessica (D:3)
  Terence (D:2)
  2 worker ants (D:4)
  7 adders
  An ooze (D:2)
  2 adder skeletons (D:4)
  4 worms
  A dart slug (D:2)
  2 giant geckos
  2 orcs
  A ball python (D:1)
  3 bats
  5 giant cockroaches
  5 goblins
  4 hobgoblins
  7 jackals
  2 quokkas
  5 giant newts
  A jackal skeleton (D:4)
  9 kobolds
  10 rats
77 creatures vanquished.

Notes
Turn   | Place    | Note
--------------------------------------------------------------
     0 | D:1      | McCoppin the Formicid Fighter began the quest for the Orb.
     0 | D:1      | Reached XP level 1. HP: 18/18 MP: 1/1
   147 | D:1      | Reached XP level 2. HP: 18/24 MP: 2/2
   268 | D:1      | Reached XP level 3. HP: 30/30 MP: 3/3
   526 | D:1      | Reached skill level 4 in Fighting
   738 | D:2      | Reached XP level 4. HP: 32/37 MP: 4/4
  1152 | D:2      | Noticed Terence
  1172 | D:2      | Killed Terence
  1262 | D:2      | Reached XP level 5. HP: 14/43 MP: 1/5
  2024 | D:3      | Found a glowing golden altar of the Shining One.
  2207 | D:3      | Noticed Jessica
  2220 | D:3      | Killed Jessica
  2220 | D:3      | Reached skill level 5 in Fighting
  2486 | D:3      | Gained mutation: You are agile. (Dex +2) [potion of mutation]
  2486 | D:3      | Gained mutation: Your mind is acute. (Int +2) [potion of mutation]
  2772 | D:4      | Found a sacrificial altar of Ru.
  2894 | D:4      | Reached XP level 6. HP: 51/51 MP: 6/6
  3116 | D:4      | Found a glowing silver altar of Zin.
  3305 | D:4      | Noticed a phantom
  3333 | D:4      | Killed a phantom
  3333 | D:4      | Reached skill level 6 in Fighting
  3333 | D:4      | Reached skill level 5 in Axes
  3433 | D:4      | Reached XP level 7. HP: 58/58 MP: 7/7
  3523 | D:5      | Entered Level 5 of the Dungeon
  3523 | D:5      | Noticed no0bjke's ghost (novice DrWz)
  3594 | D:5      | HP: 2/58 [no0bjke's ghost (1)]
  3595 | D:5      | Gained mutation: You have sharp fingernails. [potion of beneficial mutation]
  3595 | D:5      | Slain by no0bjke's ghost

Vault maps used:
D:1:      dpeg_arrival_rhombi, hex_large
D:2:      uniq_terence
D:3:      tso_oasis_becter, first_bread, grunt_ministairs_10, uniq_jessica
D:4:      nicolae_ru_the_path_less_chosen, zin_scriptorium, serial_forest,
          infiniplex_forest_clump_double, infiniplex_forest_clump_C,
          infiniplex_forest_straight_2, infiniplex_forest_clump_small,
          infiniplex_forest_diagonal, infiniplex_forest_clump_medium,
          infiniplex_forest_corner_2, minmay_item_behind_shaft
D:5:      gammafunk_temple_overflow_elements, minmay_temple_entry_fiery,
          minmay_divided_ellipse

Skill      XL: |  1  2  3  4  5  6 |
---------------+-------------------+-----
Fighting       | 4 5 6 |  6.0
Axes           | 3 4 5 |  5.1
Armour         | |  3.2
Shields        | |  3.6

Action                   |  1- 3 |  4- 6 |  7- 9 || total
-------------------------+-------+-------+-------++-------
Melee: War axe           |   123 |   185 |    18 ||   326
 Abil: Dig               |       |     1 |       ||     1
  Use: Scroll            |       |     7 |       ||     7
       Potion            |       |     1 |     5 ||     6
  Eat: Chunk             |       |     6 |       ||     6
       Fruit             |       |     1 |       ||     1
       Pizza             |       |     1 |       ||     1
Armor: Scale mail        |    58 |    46 |       ||   104
       Plate armour      |       |    47 |    10 ||    57
Dodge: Dodged            |    46 |    46 |     2 ||    94
Block: Shield            |    88 |   103 |    11 ||   202
